Map: Orbital Shipyard

Players

Albion - Winner!

  • Race: Protoss Protoss

hatibe

  • Race: Terran Terran
  • League: Master

VOD

Have the link to the VOD?

Description

Time

  • Played on: March 13, 2016, 6:59 a.m.
  • Length: 9:41
Show
View Real Time Build Order
Export as new Build Order

Albion Protoss - Winner!

Build Orders: 1 Gate Expand, Colossus Rush 

Get SALT Encoding   

  12  0:00  Probe (Chrono Boost)  
  13  0:11  Probe (Chrono Boost)  
  14  0:18  Pylon  
  14  0:22  Probe (Chrono Boost)  
  15  0:36  Probe (Chrono Boost)  
  15  0:38  Gateway  
  16  0:47  Probe (Chrono Boost)  
  16  0:48  Assimilator  
  17  0:57  Probe (Chrono Boost)  
  18  1:08  Probe (Chrono Boost)  
  19  1:21  Nexus  
  19  1:30  Cybernetics Core  
  19  1:33  Probe (Chrono Boost)  
  20  1:40  Assimilator  
  20  1:44  Probe (Chrono Boost)  
  21  1:50  Pylon  
  21  1:54  Probe (Chrono Boost)  
  25  2:10  Mothership Core (Chrono Boost)  
  25  2:13  Stalker  
  26  2:19  Warp Gate  
  26  2:29  Probe (Chrono Boost)  
  27  2:34  Probe (Chrono Boost)  
  28  2:39  Probe (Chrono Boost)  
  28  2:42  Robotics Facility  
  29  2:44  Probe (Chrono Boost)  
  29  2:50  Probe (Chrono Boost)  
  31  2:55  Probe (Chrono Boost)  
  31  2:56  Pylon  
  32  3:00  Probe (Chrono Boost)  
  32  3:01  Stalker  
  36  3:05  Probe (Chrono Boost)  
  36  3:11  Probe (Chrono Boost)  
  37  3:19  Probe (Chrono Boost)  
  38  3:21  Probe (Chrono Boost)  
  39  3:29  Observer  
  39  3:30  Probe (Chrono Boost)  
  39  3:32  Probe (Chrono Boost), Assimilator  
  42  3:38  Pylon  
  42  3:40  Probe (Chrono Boost)  
  43  3:42  Robotics Bay  
  43  3:44  Probe (Chrono Boost)  
  44  3:50  Probe (Chrono Boost)  
  44  3:54  Probe (Chrono Boost), Warp Prism (Chrono Boost), Assimilator  
  48  4:00  Probe  
  49  4:06  Probe, Gateway  
  49  4:07  Gateway  
  50  4:10  Probe  
  50  4:13  Pylon  
  51  4:18  Probe  
  51  4:21  Probe, Pylon  
  53  4:30  Disruptor (Chrono Boost), Probe  
  57  4:32  Stalker  
  57  4:33  Probe  
  57  4:38  Gravitic Drive  
  60  4:42  Probe  
  61  4:48  Probe  
  62  4:55  Probe  
  62  4:58  Pylon  
  63  5:02  Pylon  
  63  5:03  Disruptor (Chrono Boost)  
  63  5:06  Probe  
  65  5:07  Probe  
  65  5:12  Stalker  
  65  5:14  Stalker  
  71  5:18  Probe  
  71  5:19  Nexus, Probe  
  73  5:25  Stalker  
  75  5:29  Pylon, Probe  
  75  5:30  Pylon  
  75  5:32  Probe  
  77  5:40  Probe  
  78  5:44  Pylon  
  78  5:45  Colossus (Chrono Boost)  
  78  5:49  Probe  
  85  5:50  Probe  
  85  5:54  Stalker x2  
  85  5:55  Sentry  
  89  6:19  Probe  
  89  6:20  Probe  
  89  6:24  Extended Thermal Lance  
  91  6:28  Forge  
  91  6:30  Forge  
  91  6:31  Nexus, Probe  
  91  6:32  Probe, Colossus (Chrono Boost)  
  99  6:43  Probe  
  99  6:45  Probe  
  101  6:53  Probe  
  101  6:56  Stalker x3  
  101  6:57  Probe  
  109  7:01  Pylon  
  109  7:04  Probe  
  109  7:07  Pylon  
  110  7:09  Protoss Ground Armor Level 1 (Chrono Boost), Probe, Protoss Ground Weapons Level 1 (Chrono Boost)  
  110  7:11  Pylon, Twilight Council  
  110  7:15  Probe  
  111  7:21  Probe  
  113  7:25  Probe  
  112  7:31  Colossus (Chrono Boost)  
  112  7:33  Probe  
  119  7:38  Probe  
  119  7:40  Photon Cannon  
  121  7:54  Assimilator x2  
  120  8:01  Photon Cannon  
  120  8:02  Gateway, Photon Cannon x2  
  120  8:03  Photon Cannon  
  120  8:04  Gateway  
  120  8:09  Gateway  
  120  8:10  Gateway x2  
  120  8:12  Disruptor (Chrono Boost)  
  123  8:20  Stalker x2  
  127  8:28  Pylon  
  127  8:29  Pylon  
  127  8:46  Pylon  
  127  8:52  Stalker x3  
  133  9:02  Disruptor  
  136  9:20  Stalker x3  
  136  9:21  Stalker x2  
  136  9:22  Stalker x3  
Show
View Real Time Build Order
Export as new Build Order

hatibe Terran 

Build Orders: Reaper Expand, MMM Bio 

Get SALT Encoding   

  12  0:00  SCV  
  13  0:13  SCV  
  14  0:17  Supply Depot  
  14  0:25  SCV  
  15  0:39  SCV  
  15  0:40  Barracks  
  16  0:44  Refinery  
  16  0:51  SCV  
  17  1:03  SCV  
  18  1:15  SCV  
  19  1:28  Orbital Command  
  19  1:29  Reaper  
  20  1:42  Command Center  
  20  1:55  SCV  
  20  1:57  Supply Depot  
  20  2:01  Barracks Reactor  
  21  2:07  Barracks  
  21  2:11  SCV  
  22  2:23  SCV  
  22  2:25  Factory  
  23  2:34  Refinery  
  23  2:35  SCV  
  24  2:38  Marine x2  
  26  2:51  SCV  
  26  2:55  Barracks Tech Lab  
  26  2:59  Orbital Command  
  26  3:02  Marine x2  
  28  3:06  SCV  
  28  3:08  Widow Mine  
  31  3:18  SCV, Marine  
  31  3:19  Marine  
  33  3:20  Marine  
  33  3:26  Stimpack  
  34  3:27  SCV  
  34  3:30  SCV  
  36  3:36  Marine  
  36  3:37  Supply Depot, Marine  
  36  3:38  Factory Reactor  
  36  3:39  SCV  
  39  3:44  SCV  
  40  3:50  Starport  
  40  3:52  Marine  
  40  3:54  SCV  
  42  3:57  SCV  
  42  4:00  Supply Depot  
  42  4:02  Supply Depot, Marine  
  43  4:03  Marine  
  43  4:06  SCV  
  46  4:10  SCV  
  46  4:14  Engineering Bay  
  47  4:20  SCV  
  47  4:22  SCV, Marine x3  
  52  4:32  SCV  
  52  4:33  Medivac x2  
  52  4:34  SCV  
  58  4:40  Factory Tech Lab  
  58  4:42  Supply Depot  
  58  4:44  SCV  
  58  4:45  Refinery  
  59  4:46  Terran Infantry Weapons Level 1  
  59  4:47  SCV  
  60  4:53  Marine x2  
  60  4:56  SCV  
  60  4:59  SCV  
  64  5:18  Marine x3  
  64  5:19  SCV x2, Barracks x2  
  64  5:20  Barracks  
  69  5:23  Refinery  
  69  5:26  Supply Depot  
  69  5:30  Siege Tank  
  69  5:31  SCV x2  
  74  5:36  Supply Depot, Marine x2  
  74  5:40  Medivac  
  78  5:47  Medivac  
  78  5:48  SCV x2  
  82  5:53  Supply Depot  
  82  5:54  Supply Depot  
  82  5:57  Marine x2  
  82  5:58  Marine  
  82  6:00  SCV x2  
  80  6:18  SCV x2  
  80  6:22  Siege Tank  
  80  6:24  Barracks Reactor x2  
  80  6:25  Barracks Reactor  
  82  6:30  Marine x3  
  82  6:31  Combat Shields  
  85  6:40  Terran Infantry Armor Level 1  
  85  6:48  Supply Depot, Marine x3  
  85  6:50  Supply Depot  
  85  6:51  SCV x2  
  83  7:03  SCV, Marine x2  
  83  7:04  SCV, Marine x2  
  83  7:05  Marine  
  83  7:06  Siege Tank  
  93  7:12  Liberator x2  
  91  7:15  SCV  
  91  7:20  Marine x2  
  75  7:24  SCV  
  75  7:25  Marine x4  
  75  7:28  SCV  
  85  7:34  Marine x3  
  88  7:39  Supply Depot  
  88  7:41  Supply Depot  
  88  7:42  Marine  
  88  7:43  Marine x2  
  91  7:45  Siege Tank  
  83  7:54  Liberator  
  83  7:55  Liberator  
  83  7:56  SCV x2  
  83  7:58  Marine x3  
  88  8:06  Marine x2  
  88  8:07  Marine x2  
  88  8:08  Marine  
  99  8:16  Marine  
  99  8:17  Marine x3  
  103  8:28  Marine x5, Siege Tank  
  111  8:37  Liberator, Marine x2  
  113  8:50  Marine  
  117  9:01  Marine  
  117  9:02  Marine  
  120  9:09  Marine x2  
  121  9:10  Marine  
  122  9:20  Marine x2  
  126  9:25  Command Center  
Tags
 
Add a new tag
Caveats
  • Supply blocks, unpowered buildings, or Contaminate may cause inaccurate times.
  • Supply counts are checked every 10 seconds.